 Dungeon Crawl Stone Soup version 0.20.1-1-g8b1a95d (webtiles) character file.

30 Nikodimishe the Digger (level 3, -2/31 HPs)
             Began as a Troll Earth Elementalist on July 5, 2017.
             Slain by a goblin
             ... wielding a +0 dagger
             ... led by Robin
              (3 damage)
             ... on level 2 of the Dungeon.
             The game lasted 00:14:46 (948 turns).

Nikodimishe the Digger (Troll Earth Elementalist)    Turns: 948, Time: 00:14:46

Health: -2/31      AC:  5    Str: 17    XL:     3   Next: 3%
Magic:  0/3        EV: 10    Int: 11    God:
Gold:   70         SH:  0    Dex: 10    Spells: 3/4 levels left

rFire    . . .     SeeInvis .   f - +2 mace
rCold    . . .     Gourm    +   (no shield)
rNeg     . . .     Faith    .   c - +0 robe
rPois    .         Spirit   .   (helmet restricted)
rElec    .         Reflect  .   (no cloak)
rCorr    .         Harm     .   (gloves unavailable)
MR       .....                  (boots unavailable)
Stlth    +.........             (no amulet)
Regen    0.5/turn               (no ring)
MPRegen  0.1/turn               (no ring)

@: no status effects
A: unfitting armour, claws 3, fast metabolism 3, gourmand, regeneration 1,
shaggy fur 1, tough skin 2
a: no special abilities


You were on level 2 of the Dungeon.
You were hungry.

You visited 1 branch of the dungeon, and saw 2 of its levels.

You collected 70 gold pieces.

Inventory:

Hand Weapons
 a - a +0 club
 f - a +2 mace (weapon)
 g - a +0 whip
 h - a cursed -2 club
 k - a +0 dagger
 l - a cursed -1 club
 m - a +0 dagger
 t - a +0 dagger
Missiles
 b - 70 stones (quivered)
 j - 21 sling bullets
 n - 16 poisoned needles
Armour
 c - a +0 robe (worn)
 w - a +0 ring mail
Scrolls
 o - a scroll of identify
 q - a scroll of fear {unknown}
 v - a scroll of magic mapping
Potions
 p - a potion of magic
Books
 e - a book of Geomancy

   Spells                             Type                      Level
   a - Sandblast                      Earth                        1
   b - Passwall                       Transmutation/Earth          2
   c - Stone Arrow                    Conjuration/Earth            3
   d - Petrify                        Transmutation/Earth          4
   e - Lee's Rapid Deconstruction     Earth                        5
Comestibles
 d - 3 bread rations
 i - a royal jelly
 r - a chunk of flesh


   Skills:
 * Level 2.0 Dodging
 + Level 1.0 Stealth
 * Level 0.6 Unarmed Combat
 + Level 1.2 Spellcasting
   Level 0.6 Transmutations
 * Level 3.3 Earth Magic


You had 3 spell levels left.
You knew the following spells:

 Your Spells              Type           Power        Failure   Level  Hunger
a - Sandblast             Erth           #.....       8%          1    ##.....


Dungeon Overview and Level Annotations

Branches:
Dungeon (2/15)

Altars:

Annotations:
D:2 Robin


Innate Abilities, Weirdness & Mutations

You are too large for most types of armour.
You have claws for hands.
Your metabolism is lightning-fast.
You like to eat raw meat.
Your natural rate of healing is unusually fast.
You are covered in fur. (AC +1)
You have very tough skin. (AC +2)


Message History

The goblin barely misses you. The goblin hits you with a dagger.
The hobgoblin hits you with a club! The goblin hits you but does no damage.
The goblin completely misses you.
You closely miss the hobgoblin.
The goblin no longer looks unusually strong.
The goblin hits you but does no damage. Robin throws the goblin at you!
The hobgoblin hits you with a club. The goblin hits you with a dagger.
* * * LOW HITPOINT WARNING * * *
The goblin hits you with a club.
* * * LOW HITPOINT WARNING * * *
You barely miss the hobgoblin.
The goblin no longer looks unusually strong.
The hobgoblin no longer looks unusually strong.
Robin roars a battlecry!
The goblins go into a battle-frenzy!
The goblin hits you with a dagger.
* * * LOW HITPOINT WARNING * * *
The goblin misses you. The hobgoblin misses you.
The goblin hits you but does no damage. The goblin hits you with a dagger.
You die... ........# .......# ......# .....# ....# ggg

# #g###.#### #@g.......
######gg##.####
...............
#######.##.##### #########
#......... ........#
##.#.##### ........# #.#.#
........# #...#######
........###########..##....#


You could see Robin, 3 hobgoblins and 3 goblins.

Vanquished Creatures
  3 leopard geckos (D:1)
  2 giant cockroaches
  7 goblins
  2 hobgoblins (D:1)
  A ball python (D:2)
  2 bats
  4 frilled lizards
  3 kobolds (D:1)
  3 rats
27 creatures vanquished.

Notes
Turn   | Place    | Note
-------+----------+-------------------------------------------
     0 | D:1      | Nikodimishe the Troll Earth Elementalist began the quest for the Orb.
     0 | D:1      | Reached XP level 1. HP: 16/16 MP: 1/1
   144 | D:1      | Reached skill level 3 in Earth Magic
   152 | D:1      | Reached XP level 2. HP: 24/24 MP: 2/2
   935 | D:2      | Noticed Robin
   945 | D:2      | Reached XP level 3. HP: 28/31 MP: 0/3
   948 | D:2      | HP: 1/31 [goblin/dagger[Robin] (4)]
   948 | D:2      | Slain by a goblin

Skill      XL: |  1  2  3 |
---------------+----------+-----
Earth Magic    | 3 |  3.3
Dodging        | 2 |  2.0
Stealth        | |  1.0
Unarmed Combat | |  0.6
Spellcasting   | |  1.2
Transmutations | |  0.6

Action                   || total
-------------------------++-------
Melee: Mace              ||    50
       Unarmed           ||     5
 Cast: Sandblast         ||     2
  Use: Scroll            ||     5
       Potion            ||     3
 Stab: Sleeping          ||     2
  Eat: Fruit             ||     3
       Chunk             ||     3
Armor: Robe              ||    27
Dodge: Dodged            ||    42
